 Dungeon Crawl Stone Soup version 0.19-a0-414-g76fec5b (webtiles) character file.

389 Delvonshi the Conjurer (level 6, -3/47 HPs)
             Began as a Demonspawn Conjurer on May 31, 2016.
             Slain by an orc priest
             ... wielding a +0 war axe
              (9 damage)
             ... on level 4 of the Dungeon.
             The game lasted 00:13:28 (6200 turns).

Delvonshi the Conjurer (Demonspawn Conjurer)        Turns: 6200, Time: 00:13:28

Health: -3/47      AC:  3    Str:  8    XL:     6   Next: 49%
Magic:  4/10       EV: 12    Int: 18    God:
Gold:   205        SH:  0    Dex: 14    Spells: 1 memorised, 10 levels left

rFire  . . .     SeeInvis .       - Unarmed
rCold  + . .     Gourm    .     f - +0 robe
rNeg   . . .     Faith    .     (no shield)
rPois  .         Spirit   .     (no helmet)
rElec  .         Dismiss  .     e - +0 cloak
rCorr  .         Reflect  .     (no gloves)
SustAt .         Harm     .     (no boots)
MR     .....                    (no amulet)
Stlth  ++........               (no ring)
                                l - ring of protection from cold

@: very slightly contaminated, not resistant to hostile enchantments, unstealthy
A: claws 2, talons 2, demonic guardian 1
a: no special abilities


You were on level 4 of the Dungeon.
You were hungry.

You visited 1 branch of the dungeon, and saw 4 of its levels.

You collected 248 gold pieces.
You spent 43 gold pieces at shops.

Inventory:

Hand Weapons
 i - a +0 spear
Missiles
 z - 4 javelins (quivered)
Armour
 a - a +0 robe
 e - a +0 cloak (worn)
 f - a +0 robe (worn)
Jewellery
 l - a ring of protection from cold (left claw)
Wands
 v - a wand of polymorph (11/24)
Scrolls
 g - a scroll of recharging {unknown}
 o - a scroll of teleportation
 p - a scroll of identify
 q - a scroll of remove curse
 r - 3 scrolls of fear
 t - a scroll of amnesia {unknown}
 u - a scroll of enchant armour {unknown}
 w - a scroll of fog {unknown}
 x - a scroll of random uselessness {unknown}
 y - a scroll of enchant weapon {unknown}
Potions
 j - 2 potions of flight {unknown}
 k - 4 potions of curing
 n - a potion of cancellation {unknown}
 s - a potion of cure mutation {unknown}
Books
 b - a book of Conjurations

   Spells                             Type                      Level
   a - Magic Dart                     Conjuration                  1
   b - Searing Ray                    Conjuration                  2
   c - Dazzling Spray                 Conjuration/Hexes            3
   d - Fulminant Prism                Conjuration/Hexes            4
   e - Iskenderun's Mystic Blast      Conjuration                  4
   f - Iskenderun's Battlesphere      Conjuration/Charms           5
Comestibles
 c - 4 bread rations
 d - 4 fruits
 h - a beef jerky
 m - 3 meat rations


   Skills:
 + Level 3.6 Fighting
 - Level 1.7 Dodging
 - Level 1.7 Stealth
 + Level 3.3 Unarmed Combat
 - Level 3.1 Spellcasting
 - Level 4.8 Conjurations


You had 10 spell levels left.
You knew the following spells:

 Your Spells              Type           Power        Failure   Level  Hunger
a - Magic Dart            Conj           ###.         1%          1    None


Dungeon Overview and Level Annotations

Branches:
Dungeon (4/15)
 Temple: D:4-7

Altars:
Ashenzari
Dithmenos
Makhleb
Pakellas
Ru
Uskayaw

Shops:
D:4 *

Annotations:
D:3 Grinder


Innate Abilities, Weirdness & Mutations

You have very sharp fingernails.
You have razor-sharp toenails.
A weak demonic guardian rushes to your aid.


Message History

The orc priest is lightly wounded.
The orc priest barely misses you.
You scratch the orc priest but do no damage.
The orc priest is lightly wounded.
You scratch the orc priest. Your kick misses the orc priest.
The orc priest is heavily wounded.
The orc priest hits you with a war axe!
* * * LOW HITPOINT WARNING * * *
You closely miss the orc priest. Your kick misses the orc priest.
The orc priest is heavily wounded.
The orc priest barely misses you.
You barely miss the orc priest.
The orc priest is heavily wounded.
The orc priest hits you but does no damage.
You scratch the orc priest.
The orc priest is heavily wounded.
You closely miss the orc priest.
The orc priest is heavily wounded.
The orc priest hits you with a war axe!
You die...

....############....####.#####.#<
....'.......................##...
....####################.##..#..#
....# #.###.#..# ....# #.# #.#...
....# #.# #.#... ##### #.# #.#.##
###############.# #.....
#..)).o@5.......# #.....
#.############### #.....
#.............# #.....
#.##########.## #..... #.#
#.####..... #.# #.......... #.#
##########..... #.#
#............>. #.#
#.#############


You could see an orc priest and a friendly quasit.

Vanquished Creatures
  The ghost of knot the Sneak, an amateur DsAs (D:4)
  A giant frog zombie (D:2)
  A hound (D:4)
  An orc priest (D:4)
  A worker ant (D:4)
  3 adders (D:2)
  An adder skeleton (D:4)
  4 worms (D:2)
  5 dart slugs
  6 giant geckos
  3 orcs (D:4)
  6 bats
  7 giant cockroaches
  11 goblins
  5 hobgoblins
  9 jackals
  A quokka (D:2)
  4 giant newts
  13 kobolds
  7 rats
90 creatures vanquished.

Notes
Turn   | Place    | Note
--------------------------------------------------------------
     0 | D:1      | Delvonshi the Demonspawn Conjurer began the quest for the Orb.
     0 | D:1      | Reached XP level 1. HP: 13/13 MP: 3/3
   261 | D:1      | Gained mutation: You have sharp toenails. [demonic ancestry]
   261 | D:1      | Reached XP level 2. HP: 19/19 MP: 5/5
  1323 | D:1      | Gained mutation: You have sharp fingernails. [demonic ancestry]
  1323 | D:1      | Reached XP level 3. HP: 24/24 MP: 2/7
  1735 | D:2      | Found a burning altar of Makhleb.
  2042 | D:2      | Gained mutation: You have very sharp fingernails. [demonic ancestry]
  2042 | D:2      | Reached XP level 4. HP: 29/30 MP: 8/8
  2472 | D:2      | Found an oddly glowing altar of Pakellas.
  2814 | D:2      | Reached skill level 1 in Unarmed Combat
  3017 | D:2      | Reached skill level 1 in Fighting
  3411 | D:2      | Found a hide-covered altar of Uskayaw.
  3485 | D:2      | Gained mutation: You have razor-sharp toenails. [demonic ancestry]
  3485 | D:2      | Reached XP level 5. HP: 38/38 MP: 2/9
  3682 | D:3      | Found a shadowy altar of Dithmenos.
  3791 | D:3      | Found a shattered altar of Ashenzari.
  4022 | D:3      | Found a sacrificial altar of Ru.
  4383 | D:4      | Noticed Grinder
  4653 | D:4      | Noticed knot's ghost (amateur DsAs)
  5593 | D:4      | Killed knot's ghost
  5593 | D:4      | Gained mutation: A weak demonic guardian rushes to your aid. [demonic ancestry]
  5593 | D:4      | Reached XP level 6. HP: 18/47 MP: 3/10
  5941 | D:4      | Found Aliagae's Assorted Antiques.
  5950 | D:4      | Bought a brown potion for 20 gold pieces
  5950 | D:4      | Bought a scroll labeled OFUCLER POXT for 23 gold pieces
  6200 | D:4      | Slain by an orc priest

Vault maps used:
D:1:      scummos_arrival_checkerplants
D:2:      old_standard_altar, grunt_pakellas_basics, marbit_many_paths,
          kennysheep_generic_room_12
D:3:      nicolae_overflow_crystal_walls, nicolae_ashenzari_panopticon,
          lemuel_round_altar
D:4:      first_bread, serial_shops, nicolae_shop_overgrown_old_shop,
          uniq_grinder

Skill      XL: |  1  2  3  4  5 |
---------------+----------------+-----
Spellcasting   | 3 |  3.1
Unarmed Combat | 1 3 |  3.3
Fighting       | 1 3 |  3.6
Dodging        | |  1.7
Stealth        | |  1.7
Conjurations   | |  4.8

Action                   |  1- 3 |  4- 6 || total
-------------------------+-------+-------++-------
Melee: Unarmed           |     8 |   185 ||   193
       Spear             |   117 |    47 ||   164
       Kick              |    18 |    43 ||    61
       Punch             |       |     1 ||     1
Throw: Javelin           |       |     2 ||     2
 Cast: Magic Dart        |    39 |    68 ||   107
  Use: Scroll            |     3 |     2 ||     5
 Stab: Sleeping          |     5 |     5 ||    10
  Eat: Chunk             |     3 |    11 ||    14
       Fruit             |     1 |       ||     1
       Pizza             |       |     1 ||     1
Armor: Robe              |    22 |    37 ||    59
Dodge: Dodged            |    69 |   124 ||   193
